 Dungeon Crawl Stone Soup version 0.29-a0-91-gdebf4667c2 (webtiles) character file.

Game seed: 12923181264765351400

102 drugrobin the Poker (level 4, -1/36 HPs)
             Began as a Demigod Warper on Feb 7, 2022.
             Slain by a gnoll (12 damage)
             ... on level 3 of the Dungeon.
             The game lasted 00:06:58 (4034 turns).

drugrobin the Poker (Demigod Warper)                Turns: 4034, Time: 00:06:59

Health: -1/36      AC:  3    Str: 16    XL:     4   Next: 25%
Magic:  9/9        EV: 11    Int: 15    God:
Gold:   41         SH:  0    Dex: 13    Spells: 1/6 levels left

rFire   . . .      SeeInvis .   a - +0 spear
rCold   . . .      Faith    .   (no shield)
rNeg    + . .      Spirit   .   b - +0 leather armour
rPois   .          Reflect  .   (no helmet)
rElec   .          Harm     .   (no cloak)
rCorr   .          Rampage  .   (no gloves)
Will    .....                   (no boots)
Stlth   +.........              (no amulet)
HPRegen 0.12/turn               e - ring of positive energy
MPRegen 0.11/turn               (no ring)

@: no status effects
A: high MP 1, forlorn, divine attributes
a: no special abilities


You were on level 3 of the Dungeon.
You visited 1 branch of the dungeon, and saw 3 of its levels.

You collected 41 gold pieces.

Inventory:

Hand Weapons
 a - a +0 spear (weapon)
 n - a +1 war axe of distortion
Missiles
 d - 5 boomerangs of dispersal
 g - 17 sling bullets
 h - 106 stones (quivered)
 j - 5 boomerangs
Armour
 b - a +0 leather armour (worn)
Jewellery
 e - a ring of positive energy (left hand)
Scrolls
 c - a scroll of blinking
 i - a scroll of amnesia
 k - a scroll of torment {unknown}
 l - a scroll of magic mapping {unknown}
 p - a scroll of vulnerability {unknown}
 q - a scroll of fear {unknown}
Potions
 f - a potion of berserk rage {unknown}
 m - a potion of brilliance {unknown}
 o - a potion of attraction {unknown}


   Skills:
 - Level 1.7 Fighting
 * Level 4.1 Polearms
 - Level 0.8 Throwing
 - Level 0.8 Armour
 - Level 1.7 Dodging
 - Level 1.7 Spellcasting
 + Level 3.0 Translocations


You had one spell level left.
You knew the following spells:

 Your Spells              Type           Power      Damage    Failure   Level
a - Blink                 Tloc           20%        N/A       12%         2
b - Teleport Other        Tloc           10%        N/A       24%         3

Your spell library contained the following spells:

 Spells                   Type           Power      Damage    Failure   Level
 Gell's Gravitas          Tloc           10%        N/A       24%         3
 Lesser Beckoning         Tloc           10%        N/A       24%         3
 Dazzling Flash           Conj/Hex       2%         N/A       63%         3
 Iskenderun's Mystic Bla  Conj/Tloc      5%         2d3       83%         4
 Manifold Assault         Tloc           10%        N/A       91%         5
 Starburst                Conj/Fire      0%         6d3       100%        6


Dungeon Overview and Level Annotations

Branches:
Dungeon (3/15)

Shops:
D:2 (

Annotations:
D:2 Robin


Innate Abilities, Weirdness & Mutations

You have an increased reservoir of magic. (+10% MP)
You shall have no god before yourself.
Your divine heritage dramatically boosts your attributes as you level up.


Message History

The gnoll misses you.
Unknown command.
Reach: a) +0 spear
Press: ? - help, Dir - move target, f/p - gnoll
Aim: a gnoll, wielding a +0 halberd (moderately wounded, about 35% to evade your +0 spear)
You reach to attack!
You closely miss the gnoll.
The gnoll is moderately wounded.
The gnoll hits you from afar with a +0 halberd.
Unknown command.
Reach: a) +0 spear
Press: ? - help, Dir - move target, f/p - gnoll
Aim: a gnoll, wielding a +0 halberd (moderately wounded, about 35% to evade your +0 spear)
You reach to attack!
You hit the gnoll.
The gnoll is moderately wounded.
The gnoll closely misses you.
Unknown command.
Reach: a) +0 spear
Press: ? - help, Dir - move target, f/p - gnoll
Aim: a gnoll, wielding a +0 halberd (moderately wounded, about 35% to evade your +0 spear)
You reach to attack!
You hit the gnoll but do no damage.
The gnoll is moderately wounded.
The gnoll barely misses you.
A scorpion comes into view.
The gnoll hits you from afar with a +0 halberd.
Reach: a) +0 spear
Press: ? - help, Dir - move target, f/p - gnoll
Aim: a gnoll, wielding a +0 halberd (moderately wounded, about 35% to evade your +0 spear)
You reach to attack!
You hit the gnoll.
The gnoll is severely wounded.
The gnoll misses you.
Unknown command.
Reach: a) +0 spear
Press: ? - help, Dir - move target, f/p - gnoll
Aim: a gnoll, wielding a +0 halberd (severely wounded, about 35% to evade your +0 spear)
You reach to attack!
You closely miss the gnoll.
The gnoll is severely wounded.
The gnoll hits you from afar with a +0 halberd! x2
Unknown command.
The gnoll hits you from afar with a +0 halberd!
You die...

. .. .# ##
.# ...
##.###.# .
####..#...#.
#.@..#..>..
#....#.#.#
#..gg....#
#....()..#
#####.s(##
#..#.(#
...###.((.
###. ###..
#. #. ..


You could see a scorpion and 2 gnolls.

Vanquished Creatures
  4 adders (D:2)
  3 worms (D:2)
  4 ball pythons
  4 bats
  4 endoplasms
  A giant cockroach (D:2)
  13 goblins
  6 hobgoblins
  4 jackals
  2 kobolds
  A quokka (D:2)
  3 frilled lizards (D:1)
  4 rats
53 creatures vanquished.

Notes
Turn   | Place    | Note
-------+----------+-------------------------------------------
     0 | D:1      | drugrobin the Demigod Warper began the quest for the Orb.
     0 | D:1      | Reached XP level 1. HP: 17/17 MP: 5/5
    47 | D:1      | Reached skill level 2 in Polearms
   428 | D:1      | Reached XP level 2. HP: 20/24 MP: 7/7
   478 | D:1      | Learned a level 2 spell: Blink
   826 | D:1      | Reached skill level 3 in Polearms
  1548 | D:2      | Found Licocuemp's Antique Weapon Shoppe.
  1615 | D:2      | Reached XP level 3. HP: 29/29 MP: 8/8
  2327 | D:2      | Noticed Robin
  2342 | D:2      | Learned a level 3 spell: Teleport Other
  2742 | D:2      | Reached skill level 4 in Polearms
  2742 | D:2      | Reached XP level 4. HP: 29/36 MP: 9/9
  4034 | D:3      | Slain by a gnoll

Illustrated notes

Levels and vault maps discovered:
D:1:      dpeg_arrival_tiny_a, layout_basic, serial_glass, glass_columns_a,
          glass_columns_c, glass_columns_a, glass_columns_a, glass_columns_a,
          glass_columns_b, glass_columns_c, glass_columns_b
D:2:      layout_loops_cross, serial_shops, nicolae_shop_window_shopping,
          uniq_robin, uniq_jessica
D:3:      layout_rooms, nicolae_overflow_hidden_temple,
          shapermc_ecumenical_altar_petra

Skill      XL: |  1  2  3  4 |
---------------+-------------+-----
Polearms       | 2 3 4 |  4.1
Translocations | 3 |  3.0
Fighting       | |  1.7
Throwing       | |  0.8
Armour         | |  0.8
Dodging        | |  1.7
Spellcasting   | |  1.7

Action                   |  1- 3 |  4- 6 || total
-------------------------+-------+-------++-------
Melee: Spear             |   190 |    67 ||   257
       Punch             |     1 |     1 ||     2
Throw: Stone             |     2 |    17 ||    19
 Cast: Blink             |       |     2 ||     2
  Use: Scroll            |       |     1 ||     1
 Stab: Distracted        |       |     1 ||     1
Armor: Leather armour    |    31 |    14 ||    45
Dodge: Dodged            |    86 |    28 ||   114

Table legend: (Time is in decaauts)
 A = Elapsed time spent in this place.
 B = Non-inter-level travel time spent in this place.
 C = Inter-level travel time spent in this place.
 D = Time resting spent in this place.
 E = Time spent auto-exploring this place.
 F = Levels seen in this place.
 G = Mean time per level.
                   A        B        C        D        E       F      G
               +--------+--------+--------+--------+--------+-----+--------+
         Total |   4021 |   3855 |    166 |   1798 |   1270 |   3 | 1340.3 |
       Dungeon |   4021 |   3855 |    166 |   1798 |   1270 |   3 | 1340.3 |
               +--------+--------+--------+--------+--------+-----+--------+

Top non-repeatable levels by time:
     D:1: 1976 daAuts
     D:2: 1904 daAuts
     D:3: 140 daAuts
